 Dungeon Crawl Stone Soup version 0.29.1-13-g9f3cf754e1 (webtiles) character file.

Game seed: 17145624930499593959

22 Heoruswealwe the Grave Robber (level 2, -16/14 (15) HPs)
             Began as a Deep Elf Necromancer on Feb 8, 2023.
             Killed by a bolt of negative energy (22 damage)
             ... invoked by the anger of Yredelemnul
             ... on level 2 of the Dungeon.
             The game lasted 00:11:47 (960 turns).

Heoruswealwe the Grave Robber (Deep Elf Necromancer) Turns: 960, Time: 00:11:48

HP:   -16/14 (15)   AC:  3    Str:  5    XL:     2   Next: 68%
MP:   3/8           EV: 12    Int: 19    God:
Gold: 4             SH:  0    Dex: 15    Spells: 6/7 levels left

rFire   . . .      SeeInvis .   k - +0 dagger
rCold   . . .      Faith    .   (no shield)
rNeg    . . .      Spirit   .   a - +0 robe
rPois   .          Reflect  .   (no helmet)
rElec   .          Harm     .   (no cloak)
rCorr   .          Rampage  .   c - +0 pair of gloves
Will    +....                   (no boots)
Stlth   ++........              (no amulet)
HPRegen 0.04/turn               f - ring of willpower
MPRegen 0.11/turn               (no ring)

@: drained
A: no striking features
a: no special abilities


You were on level 2 of the Dungeon.
You visited 1 branch of the dungeon, and saw 2 of its levels.

You collected 4 gold pieces.

Inventory:

Hand Weapons
 d - a +0 spear
 k - a +0 dagger (weapon)
 q - a +0 short sword
 r - a +0 club
Missiles
 e - 4 boomerangs
 l - 21 stones
Armour
 a - a +0 robe (worn)
 c - a +0 pair of gloves (worn)
 g - a +0 pair of gloves
 o - a +0 robe
Jewellery
 f - a ring of willpower (left hand)
Scrolls
 h - a scroll of identify {unknown}
 i - a scroll of immolation {unknown}
 m - a scroll of poison {unknown}
Potions
 b - a potion of magic
 j - a potion of haste {unknown}
 n - a potion of resistance {unknown}
 p - a potion of flight {unknown}


   Skills:
 + Level 2.5 Dodging
 + Level 2.5 Stealth
 + Level 3.4 Spellcasting
 + Level 5.5 Necromancy


You had 6 spell levels left.
You knew the following spells:

 Your Spells              Type           Power      Damage    Failure   Level
a - Necrotise             Necr           96%        1d8       1%          1

Your spell library contained the following spells:

 Spells                   Type           Power      Damage    Failure   Level
 Vampiric Draining        Necr           24%        2d7       4%          3
 Animate Dead             Necr           24%        N/A       16%         4
 Agony                    Necr           24%        N/A       38%         5


Dungeon Overview and Level Annotations

Branches:
Dungeon (2/15)

Altars:
Yredelemnul


Message History

You kill the adder!
The dead are slithering!
You feel sick.
You feel sick.
You feel sick.
Your adder skeleton bites the worm.
The worm bites your adder skeleton.
Your quokka skeleton bites the worm.
You feel sick.
You are no longer poisoned.
Your adder skeleton bites the worm.
Your quokka skeleton bites the worm.
Your adder skeleton bites the worm.
The worm barely misses your quokka skeleton.
Your quokka skeleton closely misses the worm.
Your adder skeleton bites the worm but does no damage.
Your quokka skeleton barely misses the worm.
Your adder skeleton bites the worm.
The worm bites your quokka skeleton!
Your quokka skeleton is destroyed!
Your adder skeleton barely misses the worm.
The worm bites your adder skeleton.
Your adder skeleton bites the worm.
Your adder skeleton barely misses the worm.
The worm barely misses your adder skeleton.
Your adder skeleton bites the worm. x2
The worm bites your adder skeleton!
Your adder skeleton is destroyed!
Casting: Necrotise (safe; 1% risk of failure)
Confirm with . or Enter, or press ? or * to list all spells.
Aiming: Necrotise (safe; 1% risk of failure)
Press: ? - help, Shift-Dir - straight line, f - worm
Aim: a worm (severely wounded, unaware, hasn't noticed you, chance to affect: 88%)
The worm writhes in agony.
Casting: Necrotise (safe; 1% risk of failure)
Confirm with . or Enter, or press ? or * to list all spells.
Aiming: Necrotise (safe; 1% risk of failure)
Press: ? - help, Shift-Dir - straight line, f/p - worm
Aim: a worm (almost dead, chance to affect: 88%)
The worm writhes in agony.
You kill the worm!
Yredelemnul's anger turns toward you for a moment.
The bolt of negative energy hits you!!
You feel drained.
Ouch! That really hurt!
You die...

........# ........#
........# ... ........#
#...# ........####...#
.....$....##...# ....
..:.....#..#...## .....
.......@.#......##.....
.........#.......#.....
########..............
##...............
...........<..###
.................#
..<............#.#
...............#......
.......##.....####....


You could see the anger of Yredelemnul (unaware).

Vanquished Creatures
  An adder (D:2)
  A worm (D:2)
  2 bats
  2 goblins
  A hobgoblin (D:1)
  A quokka (D:2)
  A ball python (D:2)
9 creatures vanquished.

Vanquished Creatures (collateral kills)
  A rat (D:1)
1 creature vanquished.

Vanquished Creatures (others)
  7 fungi (D:1)
  9 plants (D:1)
16 creatures vanquished.

Grand Total: 26 creatures vanquished

Notes
Turn   | Place    | Note
-------+----------+-------------------------------------------
     0 | D:1      | Heoruswealwe the Deep Elf Necromancer began the quest for
                  | the Orb.
     0 | D:1      | Reached XP level 1. HP: 10/10 MP: 6/6
   227 | D:1      | Found a faded altar of an unknown god.
   237 | D:1      | Prayed at the altar of an unknown god.
   237 | D:1      | Became a worshipper of Yredelemnul the Dark
   237 | D:1      | Reached * piety under Yredelemnul
   303 | D:1      | Fell from the grace of Yredelemnul
   313 | D:1      | Reached skill level 5 in Necromancy
   932 | D:2      | Reached XP level 2. HP: 15/15 MP: 6/8
   960 | D:2      | Killed by a bolt of negative energy

Illustrated notes

Levels and vault maps discovered:
D:1:      dpeg_arrival_boxes_within_box, layout_loops_ring,
          dreamdust_ecumenical_altar_grove
D:2:      layout_rooms, chequers_serial_rivers_marsh

Skill      XL: |  1 |
---------------+----+-----
Necromancy     | 5 |  5.5
Dodging        | |  2.5
Stealth        | |  2.5
Spellcasting   | |  3.4

Action                   || total
-------------------------++-------
Melee: Spear             ||    49
       Dagger            ||     1
 Cast: Necrotise         ||    13
Invok: Renounce Religion ||     1
Armor: Robe              ||     1
Dodge: Dodged            ||     4
